 Dungeon Crawl Stone Soup version 0.27-a0-1140-g099f9bb0e8 (webtiles) character file.

Game seed: 691454080595102616

676 heikuro the Cleaver (level 7, -4/52 (60) HPs)
             Began as a Formicid Abyssal Knight on May 9, 2021.
             Was a Priest of Lugonu.
             Slain by an orc warrior
             ... wielding a +1 antimagic falchion
              (15 damage)
             ... on level 7 of the Dungeon.
             The game lasted 00:13:13 (6324 turns).

heikuro the Cleaver (Formicid Abyssal Knight)       Turns: 6324, Time: 00:13:14

HP:   -4/52 (60)    AC: 11    Str: 18    XL:     7   Next: 91%
MP:   0/12          EV:  8    Int: 12    God:    Lugonu [***...]
Gold: 240           SH:  0    Dex: 10    Spells: 6/6 levels left

rFire    . . .     SeeInvis +   r - +2 whip (venom)
rCold    . . .     Faith    .   (no shield)
rNeg     . . .     Spirit   .   n - +0 chain mail
rPois    .         Reflect  .   (helmet unavailable)
rElec    .         Harm     .   (no cloak)
rCorr    .         Rampage  .   j - +0 pair of gloves
Will     +....                  (no boots)
Stlth    ..........             (no amulet)
HPRegen  0.17/turn              d - ring of willpower
MPRegen  0.13/turn              (no ring)

@: heavily drained
A: permanent stasis, dig shafts and tunnels, antennae 3, four strong arms
a: Dig, Shaft Self, Renounce Religion, Depart the Abyss, Bend Space, Banish


You were on level 7 of the Dungeon.
You worshipped Lugonu.
Lugonu was most pleased with you.
You visited 2 branches of the dungeon, and saw 8 of its levels.
You visited the Abyss 1 time.

You collected 240 gold pieces.

Inventory:

Hand Weapons
 a - a +1 hand axe
 h - a +0 flail of protection
 r - a +2 whip of venom (weapon)
Armour
 j - a +0 pair of gloves (worn)
 n - a +0 chain mail (worn)
Jewellery
 d - a ring of willpower (left hand)
Scrolls
 b - a scroll of blinking
 f - a scroll of enchant weapon {unknown}
 i - a scroll of amnesia {unknown}
 k - a scroll of noise {unknown}
 m - a scroll of fear {unknown}
 o - 2 scrolls of teleportation {unknown}
 p - a scroll of enchant armour {unknown}
Potions
 c - 3 potions of curing
 e - a potion of flight
 g - a potion of invisibility
 l - a potion of brilliance {unknown}
 q - a potion of heal wounds {unknown}


   Skills:
 + Level 7.0 Fighting
 * Level 8.3 Axes
 + Level 6.5 Armour
 - Level 2.0 Dodging
 + Level 7.1 Invocations


You had 6 spell levels left.
You didn't know any spells.
Your spell library contained the following spells:

 Spells                   Type           Power      Damage    Failure   Level
 Animate Skeleton         Necr           0%         N/A       98%         1
 Pain                     Necr           0%         1d4       98%         1
 Summon Small Mammal      Summ           0%         N/A       98%         1
 Call Imp                 Summ           0%         N/A       99%         2
 Call Canine Familiar     Summ           0%         N/A       100%        3
 Summon Guardian Golem    Hex/Summ       0%         N/A       100%        3
 Vampiric Draining        Necr           0%         2d6       100%        3
 Animate Dead             Necr           0%         N/A       100%        4
 Summon Ice Beast         Ice/Summ       0%         N/A       100%        4
 Summon Lightning Spire   Summ/Air       0%         N/A       100%        4
 Agony                    Necr           0%         N/A       100%        5


Dungeon Overview and Level Annotations

Branches:
Dungeon (7/15)             Temple (1/1) D:5

Altars:
Ashenzari
Cheibriados
Dithmenos
Elyvilon
Fedhas
Gozag
Hepliaklqana
Makhleb
Nemelex Xobeh
Okawaru
Qazlal
Ru
Sif Muna
Trog
Uskayaw
Vehumet
Wu Jian
Xom
Yredelemnul
Zin
The Shining One

Portals:
Abyss: D:3

Annotations:
D:3 2 transporters, heikuro's ghost, amateur FoAK


Innate Abilities, Weirdness & Mutations

You cannot be hasted, slowed, berserked, paralysed or teleported.
You can dig through walls and to a lower floor.
You have a pair of large antennae on your head. (SInv)
Your four strong arms can wield two-handed weapons with a shield.


Message History

Here: an orc warrior, wielding a +1 antimagic falchion and wearing a +0 plate armour (wandering, hasn't noticed you)
The floor.
The orc warrior shouts!
You hit the orc warrior but do no damage.
Your weapon exudes an aura of protection.
The orc warrior hits you but does no damage.
Your +0 flail of protection goes still.
Your +2 whip of venom begins to drip with poison!
r - a +2 whip of venom (weapon)
The orc warrior hits you with a +1 antimagic falchion.
You hit the orc warrior but do no damage.
The orc warrior is poisoned.
The orc warrior drinks a potion.
The orc warrior seems to speed up.
You hit the orc warrior but do no damage.
The orc warrior looks even sicker.
The orc warrior hits you with a +1 antimagic falchion.
You feel your power leaking away.
You barely miss the orc warrior.
The orc warrior is lightly wounded.
The orc warrior hits you with a +1 antimagic falchion.
You hit the orc warrior but do no damage.
The orc warrior is lightly wounded.
The orc warrior hits you with a +1 antimagic falchion!
You feel your power leaking away.
The orc warrior hits you with a +1 antimagic falchion!
You feel your power leaking away.
You hit the orc warrior.
The orc warrior looks as sick as possible!
The orc warrior is moderately wounded.
The orc warrior hits you with a +1 antimagic falchion!
* * * LOW HITPOINT WARNING * * *
You feel your power leaking away.
You don't have enough magic at the moment.
You see here a +0 giant club.
The orc warrior hits you with a +1 antimagic falchion.
* * * LOW HITPOINT WARNING * * *
Things that are here:
a +0 giant club; an ogre corpse The orc warrior hits you with a +1 antimagic falchion!
You die...

≈≈≈≈≈........(#
≈≈≈≈≈≈#.(.#####
≈≈≈≈ ##.##
≈≈≈≈≈ #.#
≈≈≈...##.####
............#
.......####)#
..!≈..#
##o####.#
.!≈≈≈.
#..@....# ...≈≈
#..####.# ###..
...... #.
........ #.
.####...# #####


You could see an orc warrior (fast, very poisoned).

Vanquished Creatures
  2 ogres (D:7)
  A phantom (D:5)
  2 wights (D:4)
  A centaur zombie (D:5)
  A jelly (D:4)
  A hound (D:4)
  A hound skeleton (D:5)
  6 adders
  A white imp (D:5)
  An adder skeleton (D:4)
  2 worms
  3 dart slugs
  8 orcs
  6 ball pythons
  2 endoplasms
  2 giant cockroaches
  A goblin (D:1)
  6 hobgoblins
  11 jackals (D:1)
  3 quokkas
  9 bats
  6 frilled lizards
  8 kobolds
  11 rats
95 creatures vanquished.

Vanquished Creatures (others)
  3 orcs (D:7)
3 creatures vanquished.

Grand Total: 98 creatures vanquished

Notes
Turn   | Place    | Note
-------+----------+-------------------------------------------
     0 | Abyss:1  | heikuro the Formicid Abyssal Knight began the quest for the
                  | Orb.
     0 | Abyss:1  | Reached XP level 1. HP: 18/18 MP: 2/2
    66 | Abyss:1  | Noticed a tentacled starspawn
    68 | D:1      | Escaped the Abyss
   170 | D:1      | Reached skill level 1 in Dodging
   188 | D:1      | Reached * piety under Lugonu
   196 | D:1      | Reached XP level 2. HP: 21/24 MP: 3/3
   416 | D:1      | Reached XP level 3. HP: 23/29 MP: 4/4
  1131 | D:1      | Reached ** piety under Lugonu
  1587 | D:2      | Reached XP level 4. HP: 31/37 MP: 6/6
  1820 | D:2      | Found a faded altar of an unknown god.
  1834 | D:2      | Reached skill level 3 in Axes
  1881 | D:2      | Noticed an ogre
  3035 | D:3      | Reached skill level 7 in Axes
  3035 | D:3      | Reached XP level 5. HP: 47/47 MP: 6/10
  3152 | D:3      | HP: 2/47 [ogre/+0 giant club (20)]
  3457 | D:3      | Found a transporter.
  3473 | D:3      | Found a transporter.
  3515 | D:3      | Found a one-way gate to the infinite horrors of the Abyss.
  3515 | D:3      | Noticed heikuro's ghost (amateur FoAK)
  3526 | D:3      | Noticed a kobold brigand
  3792 | D:4      | Reached XP level 6. HP: 50/53 MP: 11/11
  3836 | D:4      | You fall into a shaft and drop 2 floors!
  4049 | D:6      | Noticed a steam dragon
  4123 | D:5      | Entered Level 5 of the Dungeon
  4212 | D:5      | Found a staircase to the Ecumenical Temple.
  4232 | Temple   | Entered the Ecumenical Temple
  4544 | D:5      | Reached skill level 8 in Axes
  4635 | D:5      | Noticed an orc warrior
  4929 | D:4      | Reached XP level 7. HP: 59/59 MP: 12/12
  5225 | D:4      | Reached *** piety under Lugonu
  5901 | D:5      | You fall into a shaft and drop 2 floors!
  6324 | D:7      | Slain by an orc warrior

Illustrated notes

Levels and vault maps discovered:
D:1:      elethiomel_arrival_shortcut, layout_basic, minmay_surrounded
D:2:      layout_loops_ring, ebering_ecumenical_altar_ruins,
          grunt_decor_one_mirror
D:3:      layout_loops_cross, gammafunk_ghost_abyssal_escape
D:4:      layout_loops_ring, kennysheep_vampire_church
D:5:      minmay_chambers_of_threes, layout_basic, minmay_temple_entry_wispy,
          hex_large, minmay_lizard_king, uniq_duvessa
D:6:      layout_basic, eino_small_chamber_without_monster, corexii_shack,
          uniq_blork_the_orc
D:7:      layout_loops_ring, ebering_ghost_gozag, lemuel_old_faithful,
          uniq_menkaure
Temple:   kilobyte_greek_temple

Skill      XL: |  1  2  3  4  5  6  7 |
---------------+----------------------+-----
Dodging        | 1 2 |  2.0
Axes           | 7 8 |  8.3
Invocations    | 6 7 |  7.1
Fighting       | 6 7 |  7.0
Armour         | 6 |  6.5

Action                   |  1- 3 |  4- 6 |  7- 9 || total
-------------------------+-------+-------+-------++-------
Melee: Hand axe          |    98 |   184 |       ||   282
       Flail             |       |    11 |    56 ||    67
       Whip              |       |       |     9 ||     9
Invok: Depart the Abyss  |     1 |       |       ||     1
       Bend Space        |       |     4 |     3 ||     7
 Abil: Dig               |     2 |     6 |       ||     8
       Shaft Self        |       |     1 |     1 ||     2
  Use: Scroll            |       |     5 |       ||     5
       Potion            |       |     1 |       ||     1
Armor: Leather armour    |    32 |     3 |       ||    35
       Scale mail        |       |    49 |       ||    49
       Chain mail        |       |   100 |    27 ||   127
Dodge: Dodged            |    65 |   104 |    30 ||   199

Table legend: (Time is in decaauts)
 A = Elapsed time spent in this place.
 B = Non-inter-level travel time spent in this place.
 C = Inter-level travel time spent in this place.
 D = Time resting spent in this place.
 E = Time spent auto-exploring this place.
 F = Levels seen in this place.
 G = Mean time per level.
                   A        B        C        D        E       F      G
               +--------+--------+--------+--------+--------+-----+--------+
         Total |   6361 |   6043 |    318 |   2289 |   2118 |   9 |  706.8 |
       Dungeon |   6083 |   5772 |    311 |   2289 |   1892 |   7 |  869.0 |
        Temple |    208 |    201 |      7 |      0 |    200 |   1 |  208.0 |
         Abyss |     69 |     69 |      0 |      0 |     26 |   1 |   69.0 |
               +--------+--------+--------+--------+--------+-----+--------+

Top non-repeatable levels by time:
     D:2: 1457 daAuts
     D:1: 1357 daAuts
     D:3: 1188 daAuts
     D:4: 978 daAuts
     D:7: 423 daAuts
     D:5: 391 daAuts
     D:6: 287 daAuts
  Temple: 208 daAuts
 Abyss:1: 69 daAuts
